[Event "Early-Titled-Tuesday-Blitz-February-06-2024"]
[Site "Chess.com"]
[Date "2024.02.06"]
[Round "3"]
[White "ploxoi"]
[Black "NM_Antelacus"]
[Result "1-0"]
[WhiteElo "2459"]
[BlackElo "2230"]
[TimeControl "180+1"]
[EndTime "8:29:34 PST"]
[Termination "ploxoi won on time"]

1. d4 Nf6 2. c4 e6 3. g3 Bb4+ 4. Bd2 Qe7 5. Bg2 O-O 6. Nf3 d5 7. O-O c6 8. Qc2 Nbd7 9. Rd1 b6 10. Bf4 Bd6 11. Bxd6 Qxd6 12. Nbd2 Bb7 13. e4 dxe4 14. Nxe4 Nxe4 15. Qxe4 Nf6 16. Qe5 Rfd8 17. a3 c5 18. Qxd6 Rxd6 19. dxc5 Rxd1+ 20. Rxd1 bxc5 21. b4 cxb4 22.
axb4 h6 23. Ra1 Be4 24. Ne5 Rb8 25. b5 Rb7 26. Bxe4 Nxe4 27. Nc6 Nd2 28. Rxa7 Rxa7 29.
Nxa7 Nxc4 30. Nc8 Na5 31. Nd6 Kf8 32. b6 Ke7 33. b7 Nc6 34. Nc4 f6 35. f4 Kd7 36.
Na5 Nb8 37. Kf2 Kc7 38. Ke3 Kb6 39. Nc4+ Kxb7 40. Nd6+ Kc6 41. Ne8 g5 42. Nxf6 Kd6 43. fxg5 hxg5 44. Ne4+ Ke5 45. Nxg5 Nc6 46. h3 Kf5 47.
Nf3 Ne7 48. g4+ Kf6 49. Ke4 Nd5 50. h4 Nc3+ 51. Kf4 Nd5+ 52. Ke4 Nc3+ 53. Kd3 Nd5 54. Kd4 Nf4 55. Ke4 Ne2 56. h5 Nc3+ 57. Kd4 Ne2+ 58.
Ke4 Nc3+ 59. Kd3 Nd5 60. Kd4 Nf4 61. Ke4 Ne2 62. g5+ Kf7 63. Ke5 Ng3 64. h6 Nh5 65. Nh4 Ng3 66. g6+ Kg8 67. Kxe6 Nh5 68. Kf5 Ng3+ 69.
Ke5 Nh5 70. Nf5 Kf8 71. h7 1-0

[Event "Early-Titled-Tuesday-Blitz-February-06-2024"]
[Site "Chess.com"]
[Date "2024.02.06"]
[Round "3"]
[White "FREDERICKtheMATE"]
[Black "Eagle_2019"]
[Result "0-1"]
[WhiteElo "2645"]
[BlackElo "2857"]
[TimeControl "180+1"]
[EndTime "8:29:38 PST"]
[Termination "Eagle_2019 won by checkmate"]

1. Nf3 d5 2. e3 Nf6 3. b3 Bg4 4. Bb2 Nbd7 5. d4 e6 6. Nbd2 Bd6 7. Bd3 O-O 8. c4 c6 9. h3 Bh5 10. Qc2 Bg6 11. O-O a5 12. e4 dxe4 13. Nxe4 Nxe4 14. Bxe4 a4 15. Rfd1 Nf6 16. Bxg6 hxg6 17. Ne5 Qa5 18. Bc3 Qa6 19. Nd3 b5 20. Bb2 Rfd8 21. Rac1 axb3 22. axb3 Rab8 23. Ra1 Qb7 24. Bc3 Ra8 25. Ba5 Rdc8 26. Bd2 Nd7 27. c5 Bc7 28. Bf4 Bxf4 29. Nxf4 Nf6 30.
h4 Rxa1 31. Rxa1 Rd8 32. Qc3 Qd7 33. Ne2 Qd5 34. Ra7 Qe4 35. Qe3 Qb1+ 36. Nc1 e5 37.
f3 exd4 38. Qd2 d3 39. Kf2 Qc2 40. Qxc2 dxc2 41. Ke1 Rd1+ 42. Ke2 Rxc1 43. Kd2 Rg1 44. Kxc2 Rxg2+ 45. Kd3 Nd5 46. Ra8+ Kh7 47. Rc8 Rb2 48.
Kd4 Rd2+ 49. Ke5 Nb4 50. Rc7 Rd5+ 51. Ke4 f5+ 52. Kf4 Rxc5 53. Kg5 f4+ 54. Kg4 Nd5 55.
Rf7 Rc2 56. Kh3 Rf2 57. Rf8 Rxf3+ 58. Kg2 Rxb3 59. Rc8 Ne3+ 60. Kf3 Nf5+ 61. Kxf4 Nxh4 62. Rxc6 b4 63. Kg5 Nf3+ 64. Kf4 Nd4 65. Rb6 Rb1 66. Ke4 Nf5 67. Kf4 b3 68. Ke4 b2 69. Kf4 Rf1+ 70.
Kg5 b1=Q 71. Rxb1 Rxb1 72. Kg4 Kh6 73. Kf3 Rb4 74. Kg2 Kg5 75. Kf2 Kf4 76. Ke2 Rb2+ 77. Kd3 Ke5 78. Kc4 Rc2+ 79. Kb5 Kd5 80. Kb6 Nd6 81. Ka5 Kc5 82. Ka4 Rc3 83. Ka5 Ra3# 0-1

[Event "Early-Titled-Tuesday-Blitz-February-06-2024"]
[Site "Chess.com"]
[Date "2024.02.06"]
[Round "3"]
[White "Bodnar_Mykola"]
[Black "forevery0ung"]
[Result "0-1"]
[WhiteElo "2479"]
[BlackElo "2762"]
[TimeControl "180+1"]
[EndTime "8:29:40 PST"]
[Termination "forevery0ung won on time"]

1. c4 Nf6 2. Nc3 g6 3. d4 Bg7 4. Nf3 O-O 5. Bg5 c5 6. e3 cxd4 7. Nxd4 Qa5 8. Bxf6 Bxf6 9. Qd2 Nc6 10. Nd5 Qxd2+ 11. Kxd2 Bxd4 12. exd4 d6 13. Nc7 Rb8 14.
d5 Ne5 15. f4 Ng4 16. Nb5 a6 17. Nd4 Bd7 18. a4 Rfc8 19. Be2 Nf2 20. Rhc1 a5 21. b3 Ne4+ 22. Ke3 Nc5 23. Bf3 Re8 24. Kd2 Ra8 25. Re1 f5 26. Re3 Kf7 27. Rae1 h6 28. h4 Kf6 29. Kc3 Rac8 30. Kb2 Rc7 31. g3 Rcc8 32. R1e2 Ra8 33. Re1 Ra6 34. Kc3 Rb6 35. Rg1 h5 36.
Rge1 Rb4 37. Bg2 Kf7 38. Bf3 Kf6 39. Bd1 Rb6 40. Nf3 Ne4+ 41. Rxe4 fxe4 42. Rxe4 Bf5 43.
Re3 e6 44. Nd4 Re7 45. Bf3 exd5 46. Rxe7 Kxe7 47. Bxd5 Bd7 48. Kd3 Kf6 49. Ke4 Bc6 50.
Nb5 Bd7 51. Kd4 Ke7 52. Ke4 Bc6 53. Kd4 Ra6 54. Nc3 Ra7 55. Ne4 Ra6 56. Ng5 Rb6 57. Bxc6 bxc6 58. Kc3 Rb8 59. Ne4 Ke6 60. c5 d5 61. Nd6 Kd7 62. Kc2 Rb4 63. Kc3 Ke6 64.
Kc2 Rd4 65. Kc3 Rd1 66. b4 axb4+ 67. Kxb4 Rg1 68. a5 Rxg3 69. a6 Rg1 70. Ka5 Rc1 71.
a7 Kd7 72. Kb6 Rb1+ 73. Ka6 Kc7 74. Ne8+ Kd7 75. a8=Q Ra1+ 76. Kb7 Rxa8 77. Nf6+ Ke6 78. Nxd5 Kxd5 0-1

[Event "Early-Titled-Tuesday-Blitz-February-06-2024"]
[Site "Chess.com"]
[Date "2024.02.06"]
[Round "3"]
[White "jk13"]
[Black "VinzentSpitzl"]
[Result "0-1"]
[WhiteElo "2646"]
[BlackElo "2463"]
[TimeControl "180+1"]
[EndTime "8:29:41 PST"]
[Termination "VinzentSpitzl won by resignation"]

1. Nf3 Nf6 2. g3 d5 3. Bg2 e6 4. O-O Be7 5. d3 O-O 6. Nbd2 a5 7. e4 a4 8. e5 Nfd7 9. a3 c5 10. Re1 b5 11. Nf1 b4 12. h4 bxa3 13. bxa3 Nc6 14.
N1h2 Nd4 15. Nxd4 cxd4 16. Qg4 Kh8 17. Nf3 Qc7 18. Bg5 Bc5 19. Qh5 Ba6 20. Bf4 Be7 21. Re2 Qc3 22. Ra2 Rab8 23. Bd2 Qc7 24. Ra1 Rb2 25. Ne1 Nb8 26. Bg5 Nc6 27. Bxe7 Qxe7 28. f4 Rfb8 29. Kh2 Rb1 30. Rxb1 Rxb1 31. f5 g6 32. fxg6 fxg6 33. Qg4 Rb8 34. Nf3 Rf8 35. Ng5 Bc8 36. h5 Rf5 37. Nf3 Rxh5+ 38. Kg1 Rf5 39. Nxd4 Nxd4 40. Qxd4 Qxa3 41. Qa7 Qc1+ 42. Kh2 Qh6+ 43.
Kg1 Qc1+ 44. Kh2 Qh6+ 45. Bh3 Rh5 46. Qe7 Rxh3+ 47. Kg1 Qg7 48. Qd8+ Qg8 49. Qg5 Rh5 50. Qf6+ Qg7 51. Qd8+ Qg8 52. Qd6 Rf5 53. g4 Rf4 54. Kg2 Qf7 55. Qd8+ Qf8 56. Qg5 Kg7 57. Kg3 Rf7 58.
Rh2 Kg8 59. Qe3 Bb7 60. d4 Ba6 61. c3 Bc4 62. Rb2 a3 63. Rb4 a2 64. Ra4 Rf1 65.
Ra7 a1=Q 66. Rxa1 Rxa1 67. Kh4 Rh1+ 68. Kg5 Qe7+ 69. Kf4 Qf7+ 70. Kg3 Rf1 71. Kh2 Qf2+ 72. Qxf2 Rxf2+ 0-1

[Event "Early-Titled-Tuesday-Blitz-February-06-2024"]
[Site "Chess.com"]
[Date "2024.02.06"]
[Round "3"]
[White "AlexeiShirov"]
[Black "MagnusCarlsen"]
[Result "0-1"]
[WhiteElo "2774"]
[BlackElo "3340"]
[TimeControl "180+1"]
[EndTime "8:29:42 PST"]
[Termination "MagnusCarlsen won on time"]

1. e4 a6 2. d4 e6 3. Nf3 d5 4. e5 Bd7 5. Bd3 Bb5 6. O-O Bxd3 7. Qxd3 c5 8. c4 Nc6 9. cxd5 Nb4 10. Qe2 Nxd5 11. Nc3 cxd4 12. Nxd5 Qxd5 13. Rd1 Bc5 14. Be3 Ne7 15. Bxd4 O-O 16. Bc3 Qc6 17. Ng5 Nf5 18. Ne4 Rfd8 19. Nxc5 Qxc5 20. Qe4 Qb5 21. g3 h6 22. Kg2 Rac8 23. h4 Ne7 24. a4 Qb3 25. Rxd8+ Rxd8 26. Ra3 Qd5 27. Qxd5 Nxd5 28. Rb3 Rd7 29.
Bd4 h5 30. Bc5 Kh7 31. Kf3 Kg6 32. Bd6 Kf5 33. a5 f6 34. exf6 Rxd6 35. fxg7 Nf6 36. Rxb7 Kg6 37. Rb6 Rd2 38. Rxe6 Kxg7 39. Rxa6 Rxb2 40.
Rb6 Ra2 41. a6 Kf7 42. Rb7+ Kg6 43. a7 Ng4 44. Ke4 Nxf2+ 45. Kd5 Kf5 46. Rf7+ Kg4 47. Rxf2 Rxa7 48. Rg2 Re7 49. Kd4 Kf3 50. Rg1 Kf2 51. Rc1 Kxg3 52. Rh1 Kg2 53. Rc1 Kh3 54. Rh1+ Kg3 55. Kd3 Ra7 56. Ke3 Ra3+ 57. Ke2 Ra4 58.
Ke3 Kg2 59. Rc1 Rxh4 60. Rc5 Rh3+ 61. Ke2 h4 62. Rh5 Rh2 63. Rg5+ Kh3+ 64. Kf1 Ra2 65. Rg8 Kh2 66. Rg7 h3 67. Rg8 Ra1+ 68. Kf2 Ra7 69. Rf8 Ra2+ 0-1

[Event "Early-Titled-Tuesday-Blitz-February-06-2024"]
[Site "Chess.com"]
[Date "2024.02.06"]
[Round "3"]
[White "MatthewG-p4p"]
[Black "SaqoChess_Twitch"]
[Result "1/2-1/2"]
[WhiteElo "2812"]
[BlackElo "2609"]
[TimeControl "180+1"]
[EndTime "8:29:46 PST"]
[Termination "Game drawn - insufficient material"]

1. e4 c5 2. c3 d5 3. exd5 Qxd5 4. d4 Nf6 5. Nf3 Bg4 6. dxc5 Qxc5 7. Be3 Qc8 8. h3 Bh5 9. g4 Bg6 10. Ne5 Be4 11. f3 Bc6 12. Bg2 e6 13. Nxc6 Nxc6 14. O-O Nd5 15. Bd2 Bc5+ 16. Kh1 O-O 17. Qe2 Rd8 18. b4 Bb6 19. f4 a5 20. b5 Nce7 21. a4 Qc7 22. Qf3 h5 23. Na3 hxg4 24. hxg4 f6 25. Bh3 Kf7 26. Rae1 Rh8 27. Re2 f5 28. Rfe1 Nf6 29. Rxe6 Ng6 30. gxf5 Nh4 31. Re7+ Qxe7 32. Rxe7+ Kxe7 33. Qxb7+ Nd7 34. f6+ Kxf6 35. Qxd7 Rae8 36. Qd6+ Kf7 37. Qxb6 Nf3 38. Qc7+ Re7 39. Qc4+ Kf8 40. Qc8+ Re8 41. Qf5+ Kg8 42. Kg2 Nh4+ 43. Kg3 Nxf5+ 44.
Bxf5 Rh6 45. Nc4 Rf6 46. Bg4 Re4 47. Ne5 Rxa4 48. c4 Ra2 49. Be3 Rb2 50. Bf3 a4 51. Bd5+ Kh7 52. b6 a3 53. c5 a2 54. Bxa2 Rxa2 55. b7 Rb2 56. c6 Rxc6 57. Nxc6 Rxb7 58.
Ne5 Kg8 59. Kg4 Rb5 60. Bd4 Kh7 61. Kf5 Ra5 62. Be3 Ra6 63. Ke4 Rf6 64. Ng4 Ra6 65.
Bd4 Ra4 66. Ne3 Kh6 67. Nd5 g5 68. f5 g4 69. Nc3 Rb4 70. Ke5 g3 71. Ne2 g2 72. Be3+ Kh5 73. Nf4+ Kg4 74. Nxg2 Kf3 75. Bc5 Rb5 76. Kd5 Kxg2 77. f6 Rb7 78. Be7 Rb1 79.
f7 Rf1 80. Ke6 Rxf7 81. Kxf7 1/2-1/2

[Event "Early-Titled-Tuesday-Blitz-February-06-2024"]
[Site "Chess.com"]
[Date "2024.02.06"]
[Round "3"]
[White "YurasovMat-2012"]
[Black "Kotlyar_K"]
[Result "0-1"]
[WhiteElo "2654"]
[BlackElo "2469"]
[TimeControl "180+1"]
[EndTime "8:29:46 PST"]
[Termination "Kotlyar_K won on time"]

1. e4 c6 2. Nf3 d5 3. d3 Qc7 4.
Nbd2 e5 5. g3 dxe4 6. dxe4 Nf6 7.
Bg2 h6 8. O-O Be6 9. Qe2 Nbd7 10. Rd1 Be7 11. b3 O-O 12. Bb2 Bc5 13. h3 b5 14. Nf1 Rfd8 15. N3d2 a5 16. a3 Rac8 17.
Ne3 Qb6 18. Nf5 Bxf5 19. exf5 Re8 20. c3 Rcd8 21. b4 Bf8 22. Nf1 e4 23. bxa5 Qxa5 24. c4 bxc4 25. Qxc4 Qxf5 26. Qxc6 Rc8 27. Qa6 Nc5 28.
Qe2 Nd3 29. Ne3 Qe6 30. Bd4 Rcd8 31. Bc3 Bc5 32. a4 Nd5 33. Bd2 Qf6 34. a5 Bd4 35. Ra3 Bc5 36. Raa1 Bd4 37. Rab1 Nc3 38. Bxc3 Bxc3 39. Rf1 Bxa5 40. Rb5 Bc7 41. Qg4 Be5 42. Qxe4 Bc3 43. Qh7+ Kf8 44. Qh8+ Ke7 45. Rb7+ Kd6 46. Qh7 g6 47. Qxf7 Qxf7 48. Rxf7 Re7 49. Rxe7 Kxe7 50. Nd5+ Rxd5 51. Bxd5 Kf6 52. Bg2 Bb4 53.
Rd1 Ne5 54. Rd5 Be7 55. f4 Nf7 56. Be4 Nd6 57. Bc2 Ne8 58. Kg2 Nc7 59. Rd7 Ne6 60.
Rd1 g5 61. fxg5+ hxg5 62. Kf3 Bc5 63. Kg4 Be7 64. Bf5 Ng7 65. Rf1 Ke5 66. Bc2 Kd6 67.
Rf7 Ne8 68. Kh5 Ke6 69. Kg6 Kd6 70. Bb3 Nc7 71. Rf1 Nb5 72. Rd1+ Kc7 73. Kf7 Bd6 0-1

[Event "Early-Titled-Tuesday-Blitz-February-06-2024"]
[Site "Chess.com"]
[Date "2024.02.06"]
[Round "3"]
[White "bylavochka"]
[Black "JoliyRoger"]
[Result "1-0"]
[WhiteElo "2305"]
[BlackElo "2523"]
[TimeControl "180+1"]
[EndTime "8:29:46 PST"]
[Termination "bylavochka won by checkmate"]

1. e4 c6 2. d4 d5 3. Nc3 dxe4 4.
Nxe4 Bf5 5. Ng3 Bg6 6. Nf3 Nd7 7. Nh4 e6 8. Nxg6 hxg6 9. Bd3 Ngf6 10. Bg5 Bd6 11.
Qf3 Qa5+ 12. Bd2 Qd5 13. Qxd5 Nxd5 14. O-O N7f6 15. Be2 Nf4 16. Bf3 g5 17. Bxf4 Bxf4 18. Rfe1 O-O-O 19. Rad1 Kc7 20. Nf1 Rd7 21. g3 Bd6 22. c3 Rhd8 23. Ne3 Kc8 24. Nc4 Bc7 25. h3 Nd5 26. Ne5 Re7 27. a3 Nb6 28. Kg2 Na4 29. Nc4 Nb6 30. Ne5 Na4 31. Nc4 g6 32. Rc1 Rde8 33. b3 Nb6 34. Ne5 Bb8 35. Ng4 Rd8 36. Nf6 Bd6 37. Ne4 Red7 38. Nxg5 Bxa3 39. Rc2 Be7 40. Ne4 Nd5 41. Nd2 Bf6 42. Nc4 Bg7 43. Ra1 a6 44. Bxd5 exd5 45. Nb6+ Kc7 46. Nxd7 Kxd7 47. Re1 Bf6 48. Rce2 a5 49. f4 b5 50.
Ra2 b4 51. cxb4 axb4 52. Ra7+ Kd6 53. Rd1 Bxd4 54. Rxd4 Kc5 55. Rd1 f5 56. Ra6 Kb5 57. Ra4 c5 58. Ra7 d4 59. Kf3 Re8 60. Rd3 Re1 61. Kf2 Rb1 62. Ra2 Rc1 63. Rad2 Rh1 64. Kg2 Re1 65. g4 Re4 66. Kf3 Re1 67. Kg3 Rg1+ 68.
Kh4 Rc1 69. Kg5 Rg1 70. Kxg6 fxg4 71. hxg4 Rxg4+ 72. Kf5 Rg1 73. Ke6 Rc1 74. f5 Rc3 75. f6 c4 76. bxc4+ Kxc4 77. Rxd4+ Kb3 78. f7 Rf3 79. Ke7 Kc3 80. f8=Q Re3+ 81. Kd7 b3 82. Qc5# 1-0

[Event "Early-Titled-Tuesday-Blitz-February-06-2024"]
[Site "Chess.com"]
[Date "2024.02.06"]
[Round "3"]
[White "kekic76"]
[Black "tarno17"]
[Result "1/2-1/2"]
[WhiteElo "2365"]
[BlackElo "2114"]
[TimeControl "180+1"]
[EndTime "8:29:58 PST"]
[Termination "Game drawn - insufficient material"]

1. e4 c5 2. Nf3 e6 3. d4 cxd4 4. Nxd4 a6 5. Bd3 Bc5 6. Nb3 Be7 7. O-O d6 8. Kh1 Nd7 9. Nc3 Qc7 10. f4 g6 11. Be3 Ngf6 12. Qf3 Rb8 13. Rae1 b5 14. a3 Bb7 15. Qh3 h5 16. Bd4 Nc5 17. Nxc5 dxc5 18. Bxf6 Bxf6 19. e5 Be7 20. Be4 b4 21. Nd1 bxa3 22.
Qxa3 Kf8 23. Nc3 h4 24. h3 c4 25. Qa2 Bb4 26. Rf3 Bxc3 27. Rxc3 Bxe4 28. Rxe4 Qb7 29.
Rexc4 Qxb2 30. Qxb2 Rxb2 31. Rc6 Ra2 32. Rb3 Kg7 33.
Rb7 Re8 34. Rcc7 Rf8 35. c4 a5 36. Re7 Rc2 37. Rec7 a4 38. Ra7 Ra2 39. c5 g5 40.
fxg5 Kg6 41. c6 a3 42. Kh2 Kxg5 43. Ra4 Kf5 44. Rca7 Rc2 45. c7 Kxe5 46. Rxh4 Rc8 47.
Rha4 R2xc7 48. Rxc7 Rxc7 49. Rxa3 f5 50. h4 Kf6 51. Ra6 Rc4 52. Kh3 Ke5 53. g3 Kf6 54. Kg2 Rc2+ 55. Kf3 Rc3+ 56. Kg2 Rc2+ 57. Kh3 Rc3 58.
Ra4 Rc1 59. Ra8 Rc3 60. Rf8+ Kg7 61. Re8 Kf7 62. Ra8 f4 63. Kg4 fxg3 64. Kh3 Kf6 65. Rg8 e5 66. h5 Kf7 67. Rg4 Kf6 68. h6 Rc7 69. Kh4 Rh7 70. Kh5 Kf5 71. Rxg3 Kf4 72.
Rg7 Rh8 73. Rf7+ Ke3 74. h7 e4 75. Kg4 Kd3 76. Rd7+ Ke3 77. Kf5 Kf3 78. Kg6 e3 79.
Rf7+ Ke2 80. Re7 Kf2 81. Rxe3 Kxe3 82. Kg7 Rxh7+ 83. Kxh7 1/2-1/2

[Event "Early-Titled-Tuesday-Blitz-February-06-2024"]
[Site "Chess.com"]
[Date "2024.02.06"]
[Round "3"]
[White "TimGrutter03"]
[Black "ExchangeAB"]
[Result "0-1"]
[WhiteElo "2583"]
[BlackElo "2424"]
[TimeControl "180+1"]
[EndTime "8:30:00 PST"]
[Termination "ExchangeAB won on time"]

1. e4 c6 2. e5 d5 3. exd6 exd6 4. d4 d5 5. Nf3 Bd6 6. Bd3 Ne7 7. O-O O-O 8. Re1 Ng6 9. Nbd2 Nf4 10. Bf1 Bf5 11. Ne5 Nd7 12. Ndf3 Ne6 13. Bd3 Bxd3 14.
Qxd3 Nxe5 15. dxe5 Be7 16. b3 Qa5 17. Bb2 Ba3 18.
Bc3 Bb4 19. Bxb4 Qxb4 20. c3 Qg4 21. Qf1 Nf4 22. Kh1 Rae8 23. Nd4 Ne6 24. f3 Qg6 25. f4 Nxd4 26. cxd4 Qf5 27. Qf3 h5 28. h3 h4 29. Qf2 g5 30. Rf1 f6 31. Qe3 fxe5 32.
fxe5 Qg6 33. Rae1 Re7 34. Rxf8+ Kxf8 35. Rf1+ Rf7 36. Rxf7+ Kxf7 37. Qf3+ Ke6 38. Qf8 Qf7 39. Qc8+ Qd7 40. Qg8+ Kf5 41. Qf8+ Ke4 42. Qf6 Qf5 43. b4 b6 44. a3 c5 45. dxc5 bxc5 46.
bxc5 Qxe5 47. Qf3+ Kd4 48. Qf2+ Kc4 49. Qc2+ Kb5 50.
Qc1 Kc6 51. a4 d4 52. Qc4 Qd5 53. Qb5+ Kc7 54. Qa5+ Kb7 55. Qb5+ Kc8 56. Qa6+ Kb8 57. Qb5+ Kc7 58. Qa5+ Kc6 59. Qxa7 Qxc5 60. Qa8+ Kd6 61.
Qd8+ Ke5 62. Qxg5+ Kd6 63. Qf6+ Kd5 64. Qf5+ Kc4 65. Qc2+ Kd5 66. Qb3+ Qc4 67. Qb7+ Ke5 68. Qe7+ Kf4 69. Qxh4+ Ke3 70. Qg3+ Kd2 71. Qf2+ Kc3 72.
h4 d3 73. Qf6+ Kc2 74. Qg6 Qxh4+ 75. Kg1 Qe1+ 76. Kh2 Qh4+ 77. Kg1 Qxa4 78. Qf5 Qd4+ 79. Kh2 Kc1 80. Qf1+ Kc2 81. Qf5 Kc3 82. Qf3 Qh8+ 83. Kg3 Qg7+ 84. Kf2 Qd4+ 85. Ke1 Qg1+ 86. Qf1 Qxf1+ 87.
Kxf1 Kc2 88. g4 d2 89. g5 d1=Q+ 0-1

[Event "Early-Titled-Tuesday-Blitz-February-06-2024"]
[Site "Chess.com"]
[Date "2024.02.06"]
[Round "3"]
[White "KhazhatulyAlikhan"]
[Black "tolia123"]
[Result "1-0"]
[WhiteElo "2400"]
[BlackElo "2185"]
[TimeControl "180+1"]
[EndTime "8:30:02 PST"]
[Termination "KhazhatulyAlikhan won on time"]

1. e4 c5 2. Nf3 Nc6 3. d4 cxd4 4. Nxd4 g6 5. c4 Nf6 6. Nc2 Nxe4 7. Be2 Bg7 8. O-O O-O 9. Nd2 Nxd2 10. Qxd2 d6 11.
Bf3 Be6 12. Ne3 Rb8 13. Bd5 Bd7 14. Rb1 Nd4 15. b3 e6 16. Bb2 exd5 17. Bxd4 dxc4 18. Bxg7 Kxg7 19. Nxc4 Bf5 20. Rbd1 d5 21. Qxd5 Qf6 22. Qd4 Rfd8 23. Qxa7 Be4 24. Ne3 Ra8 25. Qc5 Rxd1 26. Rxd1 Rxa2 27. Ng4 Ra1 28. Ne3 Rxd1+ 29. Nxd1 Qa1 30. Qc3+ Qxc3 31. Nxc3 Bc6 32. f3 Kf6 33. Kf2 Ke5 34. Ke3 f5 35. f4+ Kd6 36. Kd4 Bxg2 37. b4 h6 38. h4 Bf3 39. Nb5+ Kc6 40. Nc3 Kd6 41. Nb5+ Ke6 42. Nc7+ Kd7 43. Nb5 Ke6 44. Nc7+ Kf6 45. Ne8+ Ke7 46. Nc7 Kf6 47. Ne8+ Kf7 48.
Nd6+ Ke7 49. Nc4 Kf6 50. Ne5 Be4 51. Nd7+ Ke7 52. Ne5 Kf6 53. Nd7+ Kg7 54. Ke5 Bc6 55. Nc5 Bf3 56. Ke6 g5 57. hxg5 hxg5 58. fxg5 Kg6 59. Nd3 Kxg5 60. Ke5 Be4 61. Nf4 Bc6 62. Ne6+ Kg4 63.
Nf4 Be4 64. Ne6 b5 65. Nd4 Bd3 66. Ne6 Bc4 67. Nf4 Kg5 68. Ng2 Bd3 69. Nf4 Be4 70.
Ne6+ Kg4 71. Nf4 Kf3 72. Ne6 Ke3 73. Nd4 f4 74. Nxb5 f3 75. Nc3 f2 76. Nd1+ Kf3 77.
Nxf2 Bb7 78. Nd3 Ke3 79. Nc5 Bc6 80. Kd6 Bh1 81. b5 Kd4 82. b6 Kc4 83. Ne6 Kb5 84. Kc7 Ka6 85. Nd8 Ba8 86. Nc6 1-0

[Event "Early-Titled-Tuesday-Blitz-February-06-2024"]
[Site "Chess.com"]
[Date "2024.02.06"]
[Round "3"]
[White "Leebit02"]
[Black "maciek_92"]
[Result "1/2-1/2"]
[WhiteElo "2576"]
[BlackElo "2800"]
[TimeControl "180+1"]
[EndTime "8:30:06 PST"]
[Termination "Game drawn by stalemate"]

1. d4 d5 2. Nf3 Nf6 3. c4 e6 4. g3 Bb4+ 5. Nbd2 O-O 6. Bg2 b6 7. O-O Bb7 8. Qc2 Nbd7 9. a3 Be7 10. b4 a5 11. b5 Rc8 12. Ne5 Nxe5 13. dxe5 Nd7 14.
Bb2 Nc5 15. Rad1 c6 16. cxd5 cxd5 17. Bd4 Qd7 18. a4 Rc7 19. Qa2 Rfc8 20. Rc1 Qe8 21. Rc3 Nd7 22. Rfc1 Rxc3 23. Rxc3 Rxc3 24. Bxc3 Qc8 25. Qa1 Nc5 26. Bd4 Qc7 27. Bf3 Bc8 28. Qc3 Bd7 29. Nb3 Kf8 30. Kg2 Ke8 31. Bxc5 Bxc5 32.
Qd3 h6 33. Qd2 Bf8 34. Qd4 Kd8 35. e4 dxe4 36. Bxe4 Kc8 37. f4 Kb8 38. Kh3 f5 39. Bf3 g5 40. g4 gxf4 41. Qxf4 fxg4+ 42. Bxg4 Bg7 43. Nd4 Bxe5 44. Qf8+ Ka7 45. Nxe6 Qc3+ 46. Kh4 Bf6+ 47. Kh5 Qe5+ 48. Kg6 Bxe6 49. Bxe6 Qxe6 50. Qxf6 Qg4+ 51. Kh7 Qh3 52. Qg7+ Ka8 53. Qg8+ Kb7 54.
Qg7+ Kb8 55. Qf8+ Kb7 56. Qe7+ Kb8 57. Qd8+ Kb7 58. Qd5+ Kb8 59. Qd6+ Kb7 60. Qc6+ Ka7 61. Qc7+ Ka8 62. Qxb6 Qxh2 63. Qxa5+ Kb8 64. Qb6+ Ka8 65. Qc6+ Kb8 66. b6 Qe5 67. Kxh6 Qf4+ 68. Kg6 Qg4+ 69. Kf6 Qf4+ 70. Ke6 Qh6+ 71. Kd5 Qh1+ 72. Kc5 Qc1+ 73.
Kb5 Qb2+ 74. Ka6 Qe2+ 75. Qb5 Qe4 76. Qd7 Qe2+ 77. Ka5 Qe1+ 78. Ka6 Qe2+ 79. Qb5 Qe4 80. b7 Qe6+ 81. Ka5 Qe1+ 82. Kb6 Qe6+ 83. Kc5 Qe5+ 84.
Kb4 Qb2+ 85. Ka5 Qd2+ 86. Ka6 Qd6+ 87. Qb6 Qxb6+ 88. Kxb6 1/2-1/2

[Event "Early-Titled-Tuesday-Blitz-February-06-2024"]
[Site "Chess.com"]
[Date "2024.02.06"]
[Round "3"]
[White "Flaccidmoves"]
[Black "PabloZarnicki"]
[Result "1/2-1/2"]
[WhiteElo "2431"]
[BlackElo "2615"]
[TimeControl "180+1"]
[EndTime "8:30:26 PST"]
[Termination "Game drawn by 50-move rule"]

1. d4 Nf6 2. c4 g6 3. Nc3 Bg7 4. e4 d6 5. Nf3 O-O 6. h3 c5 7. d5 b5 8. cxb5 a6 9. bxa6 Qa5 10.
Bd3 Bxa6 11. O-O Bxd3 12. Qxd3 Nfd7 13. Bg5 Re8 14. a4 Na6 15. Nd2 h6 16. Nc4 Qb4 17. Bd2 Nb6 18. Nxb6 Qxb6 19. a5 Qb3 20. Rfb1 Nb4 21.
Qb5 Reb8 22. Qa4 Nc2 23. Qxb3 Rxb3 24. Ra4 Ra6 25. Kf1 f5 26. exf5 gxf5 27. Ke2 Nd4+ 28.
Kd1 Kf7 29. Be3 Nb5 30. Nxb5 Rxb5 31. Bd2 Rxb2 32. Rxb2 Bxb2 33. Kc2 Bd4 34. f3 e6 35. dxe6+ Kxe6 36. Kd3 Kd5 37. Bxh6 Kc6 38. Bd2 d5 39. h4 Bf2 40. h5 c4+ 41. Ke2 Bd4 42. h6 Bf6 43. g4 fxg4 44. fxg4 Kb5 45. Rb4+ Kc5 46. Ra4 d4 47. g5 d3+ 48. Kd1 Bh8 49. Ra2 c3 50. Be3+ Kc4 51. Bb6 c2+ 52. Rxc2+ dxc2+ 53. Kxc2 Ra8 54. g6 Rg8 55. g7 Bxg7 56. hxg7 Rxg7 57. Kd2 Kb5 58. Kd3 Rg4 59. Ke3 Ra4 60. Kd3 Kc6 61.
Ke3 Kd5 62. Kd3 Ra3+ 63. Kc2 Kc4 64. Kd2 Kb5 65. Kc2 Rh3 66. Kd2 Kc4 67. Ke2 Kd5 68.
Kd2 Ra3 69. Kc2 Kc4 70. Kd2 Ra2+ 71. Ke3 Kb5 72. Kd4 Rc2 73. Kd5 Rc8 74. Kd6 Rc2 75. Ke5 Re2+ 76. Kd4 Ra2 77. Ke5 Ra4 78. Kd6 Rc4 79. Kd5 Rc6 80. Kd4 Rd6+ 81. Kc3 Rd7 82. Kc2 Kc4 83. Kb2 Rd2+ 84. Ka3 Kb5 85. Kb3 Rd3+ 86.
Kc2 Rh3 87. Kd2 Kc4 88. Ke2 Rh6 89. Kd2 Kd5 90. Kc3 Rc6+ 91. Kd3 Rf6 92. Kc3 Rf3+ 93.
Kb4 Rf1 94. Kb5 Rb1+ 95. Ka6 Kc6 96. Ka7 Rh1 97. Ka6 Rh7 98. Ba7 Rb7 99. Bb6 Rb8 100. Ka7 Rc8 101. Bd4 Kb5 102. Bb6 Re8 103. Kb7 Re7+ 104. Kc8 Kc6 105. Kd8 Rd7+ 106. Ke8 Kd6 1/2-1/2

[Event "Early-Titled-Tuesday-Blitz-February-06-2024"]
[Site "Chess.com"]
[Date "2024.02.06"]
[Round "3"]
[White "PapaieDudu"]
[Black "andrew-blr"]
[Result "1/2-1/2"]
[WhiteElo "2419"]
[BlackElo "2597"]
[TimeControl "180+1"]
[EndTime "8:31:15 PST"]
[Termination "Game drawn by 50-move rule"]

1. Nf3 d5 2. d4 Bg4 3. Ne5 Bc8 4.
c4 f6 5. Nf3 c6 6. Nc3 dxc4 7. a4 Be6 8. e4 Bf7 9. d5 cxd5 10. exd5 e5 11. Bxc4 Bd6 12. O-O Ne7 13. Nb5 O-O 14. Nxd6 Qxd6 15. b3 Na6 16. Ba3 Nb4 17.
a5 b5 18. Bxb4 Qxb4 19. d6 bxc4 20. dxe7 Qxe7 21. bxc4 Bxc4 22. Re1 Rfd8 23. Qa4 Bd5 24. Nh4 Qe6 25. Rad1 Bb3 26. Rxd8+ Rxd8 27. Qb5 Qd5 28. Qb4 Bc2 29. h3 Qd4 30. Qe7 Qd7 31. Qa3 Qd2 32.
Re3 Bg6 33. Rc3 Qd1+ 34. Kh2 Qd6 35. Qb3+ Bf7 36. Qb7 Bd5 37. Qb1 g6 38. Rg3 Bf7 39. Nf5 Qe6 40. Ne3 Kg7 41. Qc1 Rd7 42. Ng4 g5 43. h4 h6 44. Nxh6 Kxh6 45. hxg5+ Kh7 46.
Rh3+ Kg8 47. Rh6 Qg4 48. gxf6 Rd1 49. Qe3 Qf4+ 50. Qxf4 exf4 51. Rh4 Rd4 52. Kg1 Bc4 53. g3 Kf7 54. Rh7+ Kxf6 55. Rxa7 f3 56. Kh2 Be6 57. Ra8 Rd1 58. g4 Bxg4 59. Kg3 Rg1+ 60.
Kf4 Ke6 61. Rg8 Rg2 62. Rxg4 Rxf2 63. Rg3 Ra2 64. Rxf3 Ra4+ 65. Kg3 Rxa5 66. Kf2 Ke5 67. Re3+ Kf4 68. Re2 Ra3 69. Rb2 Ra4 70. Rc2 Rb4 71. Ra2 Rd4 72. Rb2 Rc4 73. Ra2 Rb4 74. Rc2 Rb8 75.
Rc4+ Ke5 76. Ke3 Rb3+ 77. Kd2 Kd5 78. Ra4 Kc5 79. Rh4 Rg3 80. Rh5+ Kd4 81. Rh4+ Ke5 82.
Rh5+ Kf4 83. Ra5 Rg2+ 84. Ke1 Rg1+ 85. Kd2 Rg8 86. Ra4+ Kf3 87. Ra3+ Kf2 88. Rd3 Ra8 89. Rd6 Ra3 90. Rf6+ Kg3 91. Rf8 Ra2+ 92. Kd3 Ra3+ 93.
Ke4 Ra4+ 94. Kd5 Ra5+ 95. Ke4 Ra4+ 96. Kd5 Ra5+ 97. Ke4 Ra3 98. Rg8+ Kf2 99. Rf8+ Ke2 100. Kd4 Rd3+ 101. Kc4 Rd7 102. Re8+ Kd2 103. Kb5 Kc3 104. Kc6 Rh7 105. Re3+ Kd4 106. Re1 Rh6+ 107. Kb5 Rh5+ 108. Kb4 Rh4 109. Re8 Rg4 110. Rd8+ Ke5+ 111. Kc5 Rg5 112. Re8+ Kf6+ 113. Kd4 Rg4+ 114. Kd3 Ra4 115. Re1 Ra5 1/2-1/2